[Event "Titled Tuesday Blitz March 07 Late 2023"]
[White "Delgado Rosas, Fatima Alexandra"]
[Black "Dzida, Kamil"]
[WhiteFideId "6603963"]
[BlackFideId "21828652"]
[WhiteElo "2322"]
[BlackElo "2139"]
[Result "0-1"]
[Round "07"]
[TimeControl "180+2"]
[Date "2023.03.07"]
[WhiteClock "0:01:39"]
[BlackClock "0:00:46"]

1. d4 Nf6 2. c4 g6 3. Nc3 d5 4. Nf3 Bg7 5. e3 O-O 6. cxd5 Nxd5 7. Bc4 e6 8. O-O c5 9. Qe2 cxd4 10. exd4 Nc6 11. Rd1 b6 12. Be3 Bb7 13. Rac1 Nce7 14. a3 Rc8 15. Ne5 Qd6 16. Ne4 Qd8 17. f3 Nf5 18. Bf2 Rc7 19. Bd3 Nf4 20. Qd2 Rxc1 21. Rxc1 Nxd3 22. Qxd3 Bxe5 23. g4 Nxd4 24. g5 Bxe4 25. Qxe4 Qd5 26. Qxd5 exd5 27. Kg2 Ne2 28. Rd1 d4 29. Kf1 Nf4 30. Bxd4 Rd8 31. Bxe5 Rxd1+ 0-1


[Site "https://www.chess.com"]

[Event "Titled Tuesday Blitz March 07 Late 2023"]
[White "Topalov, Aleksandar"]
[Black "Eggleston, Thomas A"]
[WhiteFideId "925659"]
[BlackFideId "412139"]
[WhiteElo "2151"]
[BlackElo "2155"]
[Result "0-1"]
[Round "07"]
[TimeControl "180+2"]
[Date "2023.03.07"]
[WhiteClock "0:02:20"]
[BlackClock "0:02:08"]

1. b3 e5 2. Bb2 d6 3. d4 e4 4. d5 Nf6 5. e3 Qe7 6. Ne2 g6 7. Nbc3 Bg7 8. Qd2 a5 9. a3 a4 10. Nxa4 O-O 11. Nac3 Nbd7 12. Nf4 Ne5 13. Be2 g5 14. Nh5 Nxh5 15. Bxh5 g4 16. h3 Qh4 17. Bxg4 Nxg4 18. Nxe4 Bxb2 0-1


[Site "https://www.chess.com"]

[Event "Titled Tuesday Blitz March 07 Late 2023"]
[White "Pesotskiy, Mikhail"]
[Black "Miszler, Levente"]
[WhiteFideId "34164453"]
[BlackFideId "763276"]
[WhiteElo "2131"]
[BlackElo "2176"]
[Result "1-0"]
[Round "07"]
[TimeControl "180+2"]
[Date "2023.03.07"]
[WhiteClock "0:01:26"]
[BlackClock "0:01:04"]

1. d4 d5 2. c4 c6 3. Nf3 Nf6 4. Nbd2 e6 5. e3 Bd6 6. b3 O-O 7. Bb2 Nbd7 8. Bd3 Qc7 9. Rc1 dxc4 10. Nxc4 Bb4+ 11. Bc3 Bxc3+ 12. Rxc3 Nd5 13. Rc1 a5 14. Qd2 a4 15. b4 N7b6 16. a3 Nxc4 17. Bxc4 Qd6 18. O-O Nf6 19. Bd3 Nd7 20. Qc3 Re8 21. Rfd1 Qe7 22. b5 cxb5 23. Bxb5 g6 24. Qc7 Kg7 25. Ne5 Rd8 26. d5 exd5 27. Rxd5 Qxa3 28. Rcd1 1-0


[Site "https://www.chess.com"]

[Event "Titled Tuesday Blitz March 07 Late 2023"]
[White "Hajiyev, Kanan"]
[Black "Leonte, Sebastian-Marian"]
[WhiteFideId "13404148"]
[BlackFideId "1268767"]
[WhiteElo "2103"]
[BlackElo "2290"]
[Result "1-0"]
[Round "07"]
[TimeControl "180+2"]
[Date "2023.03.07"]
[WhiteClock "0:00:56"]
[BlackClock "0:00:09"]

1. d4 Nf6 2. Nf3 e6 3. c4 Bb4+ 4. Nbd2 O-O 5. a3 Be7 6. e4 d6 7. Bd3 e5 8. dxe5 dxe5 9. Nxe5 Ng4 10. Ndf3 Nxe5 11. Nxe5 Bf6 12. Nf3 Nc6 13. h3 Qd6 14. O-O Rd8 15. Be2 Qe7 16. Qc2 g5 17. Be3 h5 18. e5 Nxe5 19. Nxe5 Bxe5 20. Bxh5 f5 21. Rfe1 Qg7 22. Bf3 g4 23. Bd5+ Kh8 24. hxg4 c6 25. Bf3 fxg4 26. Be4 Be6 27. Bf5 Qf6 28. Bxe6 Qxe6 29. Bf4 1-0


[Site "https://www.chess.com"]

[Event "Titled Tuesday Blitz March 07 Late 2023"]
[White "Einarsson, Halldor Gretar"]
[Black "Kielinkei"]
[WhiteFideId "2300150"]
[WhiteElo "2142"]
[BlackElo "2395"]
[Result "1-0"]
[Round "07"]
[TimeControl "180+2"]
[Date "2023.03.07"]
[WhiteClock "0:00:15"]
[BlackClock "0:00:07"]

1. d4 Nf6 2. c4 e6 3. g3 Bb4+ 4. Bd2 c5 5. Bg2 O-O 6. d5 exd5 7. cxd5 d6 8. Nc3 a6 9. Nf3 b5 10. O-O Bb7 11. a3 Bxc3 12. Bxc3 Nbd7 13. Ng5 h6 14. Nh3 Nb6 15. Nf4 Na4 16. e4 Nxc3 17. bxc3 Re8 18. Qc2 Nd7 19. Nd3 c4 20. Nb4 Nc5 21. a4 Nxa4 22. Rfe1 Qf6 23. Rac1 Nc5 24. Nc6 Nd3 25. Na5 Nxe1 26. Rxe1 Qe7 27. Nxb7 Qxb7 28. e5 Qe7 29. e6 Qf6 30. Bh3 Kh8 31. Re4 fxe6 32. dxe6 Re7 33. Rf4 Qe5 34. Qg6 a5 35. Bf5 Kg8 36. Qh7+ Kf8 37. Qh8# 1-0


[Site "https://www.chess.com"]

[Event "Titled Tuesday Blitz March 07 Late 2023"]
[White "Prieto Aranguren, Alain"]
[Black "Meunier-Pion, Jean"]
[WhiteFideId "2268906"]
[BlackFideId "20685327"]
[WhiteElo "2209"]
[BlackElo "2124"]
[Result "0-1"]
[Round "07"]
[TimeControl "180+2"]
[Date "2023.03.07"]
[WhiteClock "0:01:32"]
[BlackClock "0:01:23"]

1. e4 c5 2. Bc4 Nc6 3. d3 e6 4. Nc3 Nf6 5. Nf3 d5 6. exd5 exd5 7. Bb5 d4 8. Bxc6+ bxc6 9. Nb1 Bd6 10. O-O O-O 11. Nbd2 Bg4 12. Nc4 Bc7 13. Bg5 h6 14. Bh4 Re8 15. Bg3 Bxg3 16. hxg3 Qd5 17. a4 Nh7 18. Ncd2 Ng5 19. a5 Rab8 20. b3 Re6 21. a6 Rf6 22. Ra5 Rb5 23. Ra1 Rxf3 24. gxf3 Nxf3+ 25. Nxf3 Bxf3 26. Qd2 Qh5 27. Qf4 Qh1# 0-1


[Site "https://www.chess.com"]

[Event "Titled Tuesday Blitz March 07 Late 2023"]
[White "Senft, Sean"]
[Black "De Souza, Cristiano Gomes"]
[WhiteFideId "2044960"]
[BlackFideId "2151758"]
[WhiteElo "1989"]
[BlackElo "2068"]
[Result "0-1"]
[Round "07"]
[TimeControl "180+2"]
[Date "2023.03.07"]
[WhiteClock "0:00:20"]
[BlackClock "0:02:10"]

1. e4 c5 2. Nc3 d6 3. f4 a6 4. d3 Nc6 5. Nf3 Bg4 6. Be2 g6 7. O-O Bg7 8. f5 Nf6 9. Qe1 Qd7 10. h3 Bxf3 11. Bxf3 Nd4 12. Bd1 O-O-O 13. Rb1 e6 14. Be3 exf5 15. Bxd4 cxd4 16. Ne2 Rde8 17. Nxd4 fxe4 18. Rxf6 Bxf6 19. Bg4 Bxd4+ 20. Kh1 f5 21. Be2 exd3 22. cxd3 Re3 23. Bf3 Rxe1+ 0-1


[Site "https://www.chess.com"]

[Event "Titled Tuesday Blitz March 07 Late 2023"]
[White "olga-belka"]
[Black "Pino Perez, Lazaro"]
[BlackFideId "3517055"]
[WhiteElo "2236"]
[BlackElo "2170"]
[Result "0-1"]
[Round "07"]
[TimeControl "180+2"]
[Date "2023.03.07"]
[WhiteClock "0:00:19"]
[BlackClock "0:01:15"]

1. e4 c5 2. Nf3 g6 3. c4 Nc6 4. d4 cxd4 5. Nxd4 Nf6 6. Nc3 d6 7. f3 Nxd4 8. Qxd4 Bg7 9. Be3 O-O 10. Qd2 a5 11. Be2 a4 12. a3 Qa5 13. O-O Be6 14. Rfd1 Rfc8 15. Nd5 Qxd2 16. Rxd2 Nxd5 17. exd5 Bf5 18. g4 Bd7 19. Bd4 Bh6 20. Rdd1 Rab8 21. h4 Bf4 22. Kg2 b5 23. c5 dxc5 24. Bf2 b4 25. axb4 cxb4 26. Bg3 Bxg3 27. Kxg3 Rc2 28. Re1 Rxb2 29. Bc4 Kf8 30. h5 Rc2 31. Bd3 Rc3 32. Bb1 b3 33. hxg6 hxg6 34. Rh1 Kg7 35. Re1 e6 36. dxe6 fxe6 37. Rd1 Bc6 38. Rd3 b2 39. Ra3 Rxd3 40. Rxd3 Bd5 41. f4 Rb3 42. Rxb3 Bxb3 43. f5 exf5 44. gxf5 a3 45. fxg6 a2 0-1


[Site "https://www.chess.com"]

[Event "Titled Tuesday Blitz March 07 Late 2023"]
[White "Rodriguez Santiago, Jaime"]
[Black "Carrasco Miranda, Andres"]
[WhiteFideId "3100898"]
[BlackFideId "3405990"]
[WhiteElo "2025"]
[BlackElo "2183"]
[Result "1-0"]
[Round "07"]
[TimeControl "180+2"]
[Date "2023.03.07"]
[WhiteClock "0:00:48"]
[BlackClock "0:00:50"]

1. c4 Nf6 2. Nc3 g6 3. g3 Bg7 4. Bg2 O-O 5. e4 c6 6. Nge2 d5 7. exd5 cxd5 8. cxd5 Na6 9. O-O Nb4 10. Nf4 Bg4 11. Qb3 a5 12. a3 Na6 13. Re1 Nc5 14. Qc4 Rc8 15. Qa2 a4 16. d4 Nb3 17. Rb1 Bf5 18. Nxa4 Bxb1 19. Qxb1 Nxc1 20. Rxc1 Rxc1+ 21. Qxc1 Qd7 22. Nc5 Qb5 23. Bf1 Qb6 24. b4 Rd8 25. Qe3 Kf8 26. Bg2 Bh6 27. Nfe6+ fxe6 28. Qxh6+ Ke8 29. Nxe6 Rc8 30. Qf8+ Kd7 31. Nc5+ Qxc5 32. Bh3+ 1-0


[Site "https://www.chess.com"]

[Event "Titled Tuesday Blitz March 07 Late 2023"]
[White "Antonova, Nadezhda"]
[Black "Tyagi, Kushan"]
[WhiteFideId "14700182"]
[BlackFideId "2040069"]
[WhiteElo "1885"]
[BlackElo "2380"]
[Result "1/2-1/2"]
[Round "07"]
[TimeControl "180+2"]
[Date "2023.03.07"]
[WhiteClock "0:00:48"]
[BlackClock "0:00:24"]

1. Nf3 c5 2. b3 d5 3. e3 Nf6 4. Bb2 a6 5. c4 Nc6 6. cxd5 Nxd5 7. Be2 Bf5 8. O-O e6 9. d4 Nf6 10. Nbd2 cxd4 11. Nxd4 Nxd4 12. Bxd4 Bd6 13. Nc4 Bc7 14. Bc5 Ne4 15. Ba3 b5 16. Nb2 Qxd1 17. Raxd1 Rb8 18. Nd3 Nc3 19. Bf3 Nxd1 20. Bc6+ Kd8 21. Rxd1 Bxd3 22. Rxd3+ Kc8 23. Be7 Rb6 24. Rc3 Kb8 25. g3 Rc8 26. Bd7 Rh8 27. Bc6 Rc8 28. Bd7 Rh8 29. Bc6 1/2-1/2


[Site "https://www.chess.com"]

[Event "Titled Tuesday Blitz March 07 Late 2023"]
[White "Von Buelow, Georg"]
[Black "Davidson, Kevin"]
[WhiteFideId "4620658"]
[BlackFideId "2056810"]
[WhiteElo "2120"]
[BlackElo "2151"]
[Result "0-1"]
[Round "07"]
[TimeControl "180+2"]
[Date "2023.03.07"]
[WhiteClock "0:01:43"]
[BlackClock "0:01:24"]

1. e4 c5 2. Nf3 d6 3. d4 cxd4 4. Nxd4 Nf6 5. Nc3 a6 6. f4 g6 7. Be3 Bg7 8. Qf3 O-O 9. h3 Qc7 10. O-O-O b5 11. g4 Bb7 12. g5 Nh5 13. Bd3 Nd7 14. Kb1 e5 15. Nde2 exf4 16. Bxf4 Ne5 17. Qe3 Rfe8 18. Bh2 b4 19. Na4 Bc6 20. Nb6 Rab8 21. Nc4 Nxc4 22. Bxc4 Bxe4 0-1


[Site "https://www.chess.com"]

[Event "Titled Tuesday Blitz March 07 Late 2023"]
[White "Rios Escobar, Adan"]
[Black "Souza, Gustavo Horokoski De"]
[WhiteFideId "3403645"]
[BlackFideId "2146584"]
[WhiteElo "2372"]
[BlackElo "1859"]
[Result "1-0"]
[Round "07"]
[TimeControl "180+2"]
[Date "2023.03.07"]
[WhiteClock "0:00:19"]
[BlackClock "0:00:04"]

1. d4 Nf6 2. g3 g6 3. Bg2 Bg7 4. e4 O-O 5. Ne2 d6 6. O-O c6 7. a4 a6 8. a5 b5 9. axb6 Qxb6 10. Nbc3 Bb7 11. Be3 Nbd7 12. e5 Ng4 13. e6 Nxe3 14. exf7+ Rxf7 15. fxe3 Rxf1+ 16. Bxf1 c5 17. d5 Ne5 18. Bg2 Rf8 19. e4 Bc8 20. Qc1 Bg4 21. Nf4 c4+ 22. Kh1 Qf2 23. Nd1 Qd4 24. Qe3 Nf3 25. c3 Qe5 26. Bxf3 Bxf3+ 27. Qxf3 g5 28. Ne3 gxf4 29. Nxc4 Qg5 30. Rg1 fxg3 31. Qxg3 Qxg3 32. Rxg3 Kh8 33. Kg2 Bh6 34. Rf3 Rg8+ 35. Rg3 Rb8 36. Rf3 Kg7 37. b4 Rc8 38. Na5 Rc7 39. Nc6 Bg5 40. Nd8 Rc4 41. Ne6+ Kh6 42. Rh3+ Kg6 43. Rg3 h6 44. h4 Rxe4 45. hxg5 Re2+ 46. Kf3 Rc2 47. gxh6+ Kxh6 48. Ke4 a5 49. bxa5 Ra2 50. Kf5 Rxa5 51. Rh3# 1-0


[Site "https://www.chess.com"]

[Event "Titled Tuesday Blitz March 07 Late 2023"]
[White "Munoz Misselis, Nelson Carlos"]
[Black "Rego, Pedro Filipe"]
[WhiteFideId "6601790"]
[BlackFideId "1904310"]
[WhiteElo "1749"]
[BlackElo "2193"]
[Result "0-1"]
[Round "07"]
[TimeControl "180+2"]
[Date "2023.03.07"]
[WhiteClock "0:00:17"]
[BlackClock "0:00:21"]

1. d4 Nf6 2. c4 c5 3. e3 cxd4 4. exd4 d5 5. Nf3 g6 6. Be2 Bg7 7. Nc3 O-O 8. O-O Nc6 9. Be3 dxc4 10. Bxc4 Na5 11. Be2 b6 12. h3 Bb7 13. Rc1 Rc8 14. Nb5 a6 15. Nc3 Nc4 16. Bxc4 Rxc4 17. Qb3 Rc8 18. Ne5 e6 19. Rfd1 Nd5 20. Nxd5 Bxd5 21. Qa3 Bb7 22. Rxc8 Qxc8 23. b3 Qc2 24. Rc1 Qe4 25. Nf3 Rd8 26. Qe7 Rf8 27. Qb4 b5 28. Qd2 Rd8 29. Qa5 Qd5 30. Qc7 Rc8 31. Qa5 Rxc1+ 32. Bxc1 Bxd4 33. Bh6 Bg7 34. Bxg7 Kxg7 35. Qa3 Qd1+ 36. Kh2 Bxf3 37. gxf3 Qxf3 38. Qb2+ Qf6 39. Qa3 Qxf2+ 40. Kh1 Qb6 41. Kg2 e5 42. b4 Qc6+ 43. Kf2 f5 44. Qd3 Kf6 45. Qd8+ Ke6 46. Qg8+ Kd6 47. Qxh7 Kd5 48. Qf7+ Kd4 49. Qe7 e4 50. Qd8+ Qd5 51. Qb6+ Kc4 52. Qxa6 Qd2+ 53. Kg3 Qe3+ 54. Kh4 Qf4# 0-1


[Site "https://www.chess.com"]

[Event "Titled Tuesday Blitz March 07 Late 2023"]
[White "sissahungrychess"]
[Black "tandercat"]
[WhiteElo "2369"]
[BlackElo "1921"]
[Result "1-0"]
[Round "07"]
[TimeControl "180+2"]
[Date "2023.03.07"]
[WhiteClock "0:00:23"]
[BlackClock "0:00:03"]

1. c4 c5 2. g3 g6 3. Bg2 Bg7 4. Nf3 Nc6 5. O-O d6 6. Nc3 e5 7. Ne1 Be6 8. d3 Nge7 9. Nc2 d5 10. cxd5 Nxd5 11. Ne3 Nde7 12. Ne4 b6 13. Ng5 Bd7 14. Nd5 h6 15. Nxe7 Qxe7 16. Ne4 Rc8 17. Nc3 Be6 18. Qa4 Qc7 19. Be3 O-O 20. Rfc1 Nd4 21. Qd1 Qd7 22. Qd2 Kh7 23. Rab1 Rfd8 24. b4 cxb4 25. Rxb4 Nf5 26. Rbb1 Nxe3 27. Qxe3 e4 28. Nxe4 Bxa2 29. Rxc8 Rxc8 30. Rc1 Rxc1+ 31. Qxc1 Be6 32. Qa3 a5 33. e3 a4 34. d4 Bb3 35. Nc3 b5 36. Qb4 Bc4 37. Bf1 Bxf1 38. Kxf1 1-0


[Site "https://www.chess.com"]

[Event "Titled Tuesday Blitz March 07 Late 2023"]
[White "Garcia Almaguer, Juan Manuel"]
[Black "Skaric, Djuro"]
[WhiteFideId "5110491"]
[BlackFideId "934569"]
[WhiteElo "2117"]
[BlackElo "2282"]
[Result "1-0"]
[Round "07"]
[TimeControl "180+2"]
[Date "2023.03.07"]
[WhiteClock "0:00:13"]
[BlackClock "0:00:16"]

1. e4 e6 2. d4 d5 3. e5 c5 4. c3 Nc6 5. Nf3 Bd7 6. Bd3 cxd4 7. cxd4 Qb6 8. O-O Nxd4 9. Re1 Nxf3+ 10. Qxf3 Ne7 11. h4 h5 12. Nc3 g6 13. Bg5 Nf5 14. Bxf5 gxf5 15. Bf6 Rh6 16. Rad1 d4 17. Ne2 Bc6 18. Qf4 Rg6 19. Bg5 Be4 20. Nxd4 Bc5 21. Nb3 Be7 22. Kh2 Bxg5 23. hxg5 Ke7 24. f3 Bd5 25. Rxd5 exd5 26. Nd4 Rag8 27. Nxf5+ Kd8 28. Nd6 Kc7 29. Qxf7+ Kb8 30. Rc1 Rxg5 31. Rc2 d4 32. Qd7 a6 33. e6 Rd8 34. Rc8+ Rxc8 35. Qxc8+ Ka7 36. Qd7 Qxb2 37. Nc8+ Kb8 38. Qd6+ Kxc8 39. Qf8+ Kc7 40. Qe7+ Kb6 41. Qxg5 d3 42. Qe3+ Kc6 43. e7 d2 44. e8=Q+ Kd5 45. Q8e6# 1-0


[Site "https://www.chess.com"]

[Event "Titled Tuesday Blitz March 07 Late 2023"]
[White "Sarkar, Justin"]
[Black "Floresvillar Gonzalez, Luis Migu"]
[WhiteFideId "2010011"]
[BlackFideId "5100542"]
[WhiteElo "2189"]
[BlackElo "2040"]
[Result "1-0"]
[Round "07"]
[TimeControl "180+2"]
[Date "2023.03.07"]
[WhiteClock "0:00:56"]
[BlackClock "0:00:56"]

1. e4 c6 2. d4 d5 3. e5 Bf5 4. c4 dxc4 5. Bxc4 e6 6. Nc3 Ne7 7. Nge2 Nd5 8. O-O Be7 9. Ng3 Bg6 10. f4 Nxc3 11. bxc3 Nd7 12. f5 Bxf5 13. Nxf5 exf5 14. Rxf5 O-O 15. Qb3 b5 16. Bxf7+ Kh8 17. Be3 Nb6 18. Raf1 Rb8 19. Rh5 Nc4 20. Qc2 g6 21. Rxh7+ Kxh7 22. Qxg6+ Kh8 23. Qh6# 1-0


[Site "https://www.chess.com"]

[Event "Titled Tuesday Blitz March 07 Late 2023"]
[White "Vargas Rodriguez, Wilver"]
[Black "Jesusesmifuerza"]
[WhiteFideId "3509672"]
[WhiteElo "2238"]
[BlackElo "2060"]
[Result "1-0"]
[Round "07"]
[TimeControl "180+2"]
[Date "2023.03.07"]
[WhiteClock "0:00:11"]
[BlackClock "0:00:02"]

1. e4 c5 2. Nf3 e6 3. d3 d5 4. Nbd2 h6 5. g3 Nf6 6. exd5 exd5 7. Bg2 Nc6 8. O-O Be6 9. Re1 Be7 10. d4 cxd4 11. Nb3 Bg4 12. Nbxd4 Nxd4 13. Qxd4 Bxf3 14. Bxf3 O-O 15. Bf4 Bd6 16. Rad1 Bxf4 17. Qxf4 Qb6 18. Qd4 Qxd4 19. Rxd4 Rfd8 20. Red1 Rd7 21. Bg2 b5 22. f4 Rad8 23. Kf2 Kf8 24. b3 Ng4+ 25. Kg1 Ne3 26. R1d2 Nxg2 27. Kxg2 Rc8 28. Kf3 Ke7 29. Ke3 f5 30. Kd3 Ke6 31. Re2+ Kf6 32. Re5 Rcd8 33. Kc3 Rc8+ 34. Kb2 Rdc7 35. Rd2 Rc5 36. Rexd5 Rxd5 37. Rxd5 Rb8 38. Rd6+ Ke7 39. Rg6 Kf7 40. Rc6 Rb7 41. Kc3 Ke7 42. Kb4 Kd7 43. Rg6 1-0


[Site "https://www.chess.com"]

[Event "Titled Tuesday Blitz March 07 Late 2023"]
[White "Grycel, Kamil"]
[Black "Gamage, Wanshini Vidusama"]
[WhiteFideId "1115499"]
[BlackFideId "9953752"]
[WhiteElo "2470"]
[BlackElo "2185"]
[Result "1-0"]
[Round "07"]
[TimeControl "180+2"]
[Date "2023.03.07"]
[WhiteClock "0:00:21"]
[BlackClock "0:01:27"]

1. b3 e5 2. Bb2 Nc6 3. Nf3 e4 4. Nd4 Nf6 5. e3 Nxd4 6. Bxd4 c5 7. Bb2 d5 8. d3 exd3 9. Bxd3 Bd6 10. Bb5+ Bd7 11. Bxd7+ Qxd7 12. Bxf6 gxf6 13. Qxd5 O-O-O 14. Nd2 Rhg8 15. Rd1 Be5 16. Qxd7+ Rxd7 17. g3 Rgd8 18. Ke2 h5 19. Nf3 Bc3 20. Rxd7 Rxd7 21. Rd1 Re7 22. Rd5 b6 23. Rxh5 a5 24. a4 Kc7 25. Rf5 Re6 26. h4 Kc6 27. h5 b5 28. axb5+ Kxb5 29. h6 Kb4 30. h7 Re8 31. Nd2 Bxd2 32. Kxd2 c4 33. Rf4 Rh8 34. Rxc4+ Kb5 35. Rh4 1-0


[Site "https://www.chess.com"]

[Event "Titled Tuesday Blitz March 07 Late 2023"]
[White "Pasti, Aron"]
[Black "Bongo Akanga Ndjila, Barthelemy"]
[WhiteFideId "785857"]
[BlackFideId "10609431"]
[WhiteElo "2173"]
[BlackElo "1768"]
[Result "1-0"]
[Round "07"]
[TimeControl "180+2"]
[Date "2023.03.07"]
[WhiteClock "0:02:41"]
[BlackClock "0:02:01"]

1. e4 e6 2. d4 d5 3. exd5 exd5 4. Bd3 Nf6 5. c3 c6 6. Bf4 Be7 7. Nf3 O-O 8. O-O Re8 9. Nbd2 Bg4 10. h3 Bh5 11. Re1 Nbd7 12. Qb3 Qb6 13. Qxb6 Nxb6 14. Ne5 Bd6 15. g4 Bg6 16. Nxg6 hxg6 17. Bxd6 1-0


[Site "https://www.chess.com"]

[Event "Titled Tuesday Blitz March 07 Late 2023"]
[White "Sabar, Ethmane Daouda"]
[Black "Vifleemskaia, Svetlana"]
[WhiteFideId "19600097"]
[BlackFideId "4129490"]
[WhiteElo "1950"]
[BlackElo "1930"]
[Result "0-1"]
[Round "07"]
[TimeControl "180+2"]
[Date "2023.03.07"]
[WhiteClock "0:00:32"]
[BlackClock "0:00:44"]

1. b3 Nf6 2. Bb2 d5 3. e3 Nc6 4. Bb5 Bd7 5. f4 a6 6. Bxc6 Bxc6 7. Nf3 e6 8. O-O b5 9. d3 Bb7 10. Nbd2 c5 11. Ne5 Be7 12. Ndf3 Qb6 13. Kh1 a5 14. Qe1 a4 15. Qg3 a3 16. Bc3 b4 17. Bd2 Nh5 18. Qg4 g6 19. Nxf7 Kxf7 20. Ng5+ Bxg5 21. fxg5+ Ke7 22. Rf6 Nxf6 23. gxf6+ Kxf6 24. Rf1+ Ke7 25. Qg5+ Kd6 26. Rf7 Qd8 27. Qf4+ Kc6 28. e4 Rf8 29. exd5+ exd5 30. c4 Rxf7 31. Qxf7 d4 32. Bf4 Kb6 33. Qe6+ Bc6 34. h3 Qd7 35. Qe5 Re8 36. Qg5 Qxh3+ 37. Kg1 Qxg2+ 38. Qxg2 Bxg2 39. Kxg2 Re2+ 40. Kf3 Rxa2 0-1


[Site "https://www.chess.com"]

[Event "Titled Tuesday Blitz March 07 Late 2023"]
[White "Smith, Garrett L"]
[Black "Chemin, Justo Reinaldo"]
[WhiteFideId "2024829"]
[BlackFideId "2101580"]
[WhiteElo "2247"]
[BlackElo "1940"]
[Result "1-0"]
[Round "07"]
[TimeControl "180+2"]
[Date "2023.03.07"]
[WhiteClock "0:00:26"]
[BlackClock "0:00:34"]

1. e4 e5 2. Nf3 Nc6 3. Bc4 Bc5 4. b4 Bb6 5. c3 d6 6. O-O Nf6 7. d3 O-O 8. a4 a5 9. b5 Ne7 10. Be3 Bxe3 11. fxe3 Ng6 12. Nbd2 Be6 13. Qe2 c6 14. Rab1 d5 15. exd5 cxd5 16. Ba2 Rc8 17. Rfc1 Qd6 18. b6 Rc6 19. c4 dxc4 20. Nxc4 Bxc4 21. Bxc4 Rxb6 22. h3 Rb4 23. Qc2 Qb6 24. Re1 Qc6 25. Rxb4 axb4 26. Qb3 Qd6 27. Ng5 Qe7 28. Rf1 h6 29. Ne4 Nxe4 30. dxe4 Nh8 31. Rb1 Qc5 32. Kf2 Kh7 33. Qxb4 Qxb4 34. Rxb4 f5 35. exf5 Rd8 36. Rxb7 Rd2+ 37. Kf3 Rc2 38. Bd3 Rc3 39. f6+ Rxd3 40. Rxg7# 1-0


[Site "https://www.chess.com"]

[Event "Titled Tuesday Blitz March 07 Late 2023"]
[White "Curtis, John"]
[Black "Ferriz Barrios, Andres"]
[WhiteFideId "3200256"]
[BlackFideId "5104467"]
[WhiteElo "2203"]
[BlackElo "2244"]
[Result "0-1"]
[Round "07"]
[TimeControl "180+2"]
[Date "2023.03.07"]
[WhiteClock "0:00:08"]
[BlackClock "0:00:33"]

1. c4 e6 2. Nf3 f5 3. g3 Nf6 4. Bg2 Be7 5. b3 O-O 6. Bb2 b6 7. O-O Bb7 8. Nc3 d6 9. Re1 Ne4 10. Nxe4 fxe4 11. Nd4 Qd7 12. Bh3 Rf6 13. Nc2 Rh6 14. Bg2 c5 15. d3 exd3 16. Qxd3 Bxg2 17. Kxg2 Nc6 18. h4 Rf8 19. Rh1 e5 20. Ne3 Nd4 21. Bxd4 exd4 22. Nd5 Bd8 23. Raf1 Re6 24. e3 dxe3 25. Nxe3 Bf6 26. Nd5 Bd4 27. f4 Rfe8 28. f5 Re2+ 29. Kh3 Rxa2 30. Rh2 Rxh2+ 31. Kxh2 Re5 32. Kg2 Qb7 33. Qf3 Qf7 34. f6 g6 35. Ne7+ Kf8 36. Nd5 Qe6 37. Qf4 Re2+ 38. Kf3 Kf7 39. g4 Rb2 40. Ne3 Rxb3 41. Re1 Bxe3 42. Rxe3 Rxe3+ 43. Qxe3 Qxe3+ 44. Kxe3 Kxf6 45. Ke4 Ke6 46. g5 a5 47. Kd3 d5 48. Kc3 dxc4 49. Kxc4 Kf5 50. Kb5 Kg4 51. Kxb6 c4 52. Kxa5 c3 53. Kb4 c2 54. Kc5 c1=Q+ 55. Kd6 Qf4+ 56. Ke6 Kxh4 57. Ke7 Kxg5 58. Ke6 h5 59. Ke7 h4 60. Ke6 h3 61. Ke7 h2 62. Ke6 h1=Q 63. Ke7 Qb7+ 64. Ke6 0-1


[Site "https://www.chess.com"]

[Event "Titled Tuesday Blitz March 07 Late 2023"]
[White "Good, Daniel"]
[Black "Marcolino, Daniel Mattos"]
[WhiteFideId "1302388"]
[BlackFideId "2106841"]
[WhiteElo "2242"]
[BlackElo "2101"]
[Result "0-1"]
[Round "07"]
[TimeControl "180+2"]
[Date "2023.03.07"]
[WhiteClock "0:00:03"]
[BlackClock "0:00:05"]

1. Nf3 d5 2. g3 Nf6 3. Bg2 e6 4. O-O Be7 5. c4 O-O 6. d4 dxc4 7. a4 Nc6 8. Nc3 Na5 9. e4 c5 10. d5 exd5 11. e5 Ng4 12. h3 Nb3 13. Rb1 Bf5 14. hxg4 Bxb1 15. Qxd5 Nxc1 16. Rxc1 Bd3 17. Nd2 Qxd5 18. Nxd5 Rfe8 19. Nxc4 Rad8 20. Na5 Bf8 21. Nxb7 Rb8 22. Nxc5 Bxc5 23. Rxc5 Rxb2 24. f4 h6 25. Rc7 a6 26. Ne7+ Kh8 27. Bd5 Rf8 28. Nc6 Rc2 29. Bxf7 Be4 30. Be8 Rxe8 0-1


[Site "https://www.chess.com"]

[Event "Titled Tuesday Blitz March 07 Late 2023"]
[White "Rose, Felix"]
[Black "Dorato, Adriano"]
[WhiteFideId "5105722"]
[BlackFideId "2802894"]
[WhiteElo "2039"]
[BlackElo "1709"]
[Result "1-0"]
[Round "07"]
[TimeControl "180+2"]
[Date "2023.03.07"]
[WhiteClock "0:01:42"]
[BlackClock "0:00:10"]

1. d4 d5 2. c4 e6 3. Nc3 c5 4. cxd5 cxd4 5. Qa4+ Bd7 6. Qxd4 Nf6 7. dxe6 Bxe6 8. Qxd8+ Kxd8 9. e4 Nc6 10. f3 Bb4 11. Bd2 Kc7 12. Nge2 Rad8 13. O-O-O Rd7 14. Bf4+ Kc8 15. Rxd7 Nxd7 16. a3 Ba5 17. b4 Bb6 18. Na4 Bd8 19. Nec3 a6 20. Kc2 Bf6 21. b5 Nd4+ 22. Kb1 g5 23. Be3 axb5 24. Nxb5 Nxb5 25. Bxb5 Nb8 26. Rc1+ Kd8 27. Bb6+ Ke7 28. Bc5+ Kd8 29. Rd1+ Nd7 30. Nb6 Kc7 31. Nxd7 Rd8 32. Bd6+ Kc8 33. Nxf6 1-0


[Site "https://www.chess.com"]

[Event "Titled Tuesday Blitz March 07 Late 2023"]
[White "Manu_ChessExcelsior"]
[Black "Kohler, Aran"]
[BlackFideId "1002856"]
[WhiteElo "1986"]
[BlackElo "2225"]
[Result "0-1"]
[Round "07"]
[TimeControl "180+2"]
[Date "2023.03.07"]
[WhiteClock "0:00:01"]
[BlackClock "0:01:32"]

1. e4 c6 2. d4 d5 3. e5 c5 4. dxc5 e6 5. c3 Bxc5 6. Qg4 Bf8 7. Bd3 h5 8. Qe2 Nc6 9. Nf3 h4 10. h3 g6 11. Bg5 Be7 12. Bxe7 Ngxe7 13. O-O Nf5 14. Bxf5 gxf5 15. Nbd2 Bd7 16. Nb3 Qb6 17. Rac1 O-O-O 18. c4 dxc4 19. Rxc4 Kb8 20. Nc5 Be8 21. Rfc1 Na5 22. R4c3 Bb5 23. Qe3 Bc6 24. R3c2 Bd5 25. b3 Nc6 26. Nd4 Rhg8 27. Nf3 Qb4 28. Nd3 Qe4 29. Nf4 Qxe3 30. fxe3 Bxf3 31. Kf2 Be4 32. Rc3 Rd2+ 33. Kf1 Rxa2 34. b4 Bxg2+ 0-1


[Site "https://www.chess.com"]

[Event "Titled Tuesday Blitz March 07 Late 2023"]
[White "Hartikainen, Jarmo"]
[Black "Desideri, Ricardo Maruchi"]
[WhiteFideId "503134"]
[BlackFideId "2110440"]
[WhiteElo "2193"]
[BlackElo "1945"]
[Result "1-0"]
[Round "07"]
[TimeControl "180+2"]
[Date "2023.03.07"]
[WhiteClock "0:01:36"]
[BlackClock "0:01:49"]

1. e4 c5 2. c3 d5 3. exd5 Nf6 4. d4 Nxd5 5. Nf3 Bg4 6. Be2 Nc6 7. O-O g6 8. c4 Nf6 9. d5 Bxf3 10. Bxf3 Nd4 11. Be3 Nxf3+ 12. Qxf3 Bg7 13. Bxc5 b6 14. Bd4 O-O 15. Nc3 Qc7 16. b3 Ng4 17. Qxg4 h5 18. Qd1 1-0


[Site "https://www.chess.com"]